 Dungeon Crawl Stone Soup version 0.18-a0-312-g61bb5a5 (webtiles) character file.

4461 Proton the Cleaver (level 10, -11/79 HPs)
             Began as a Formicid Fighter on Nov 27, 2015.
             Was an Elder of Ru.
             Engulfed by an ice statue's freezing vapour (13 damage)
             ... in an ice cave.
             The game lasted 00:19:01 (8041 turns).

Proton the Cleaver (Formicid Fighter)               Turns: 8041, Time: 00:19:01

Health: -11/79     AC: 10    Str: 31    XL:     10   Next: 64%
Magic:  10/10      EV: 10    Int: 11    God:    Ru [****..]
Gold:   467        SH: 12    Dex:  7    Spells: 0 memorised, 9 levels left

rFire  + + +     SeeInvis +     a - +0 war axe
rCold  . . .     Clarity  .     r - +2 chain mail "Kaqeuw" {Str+7 Int+7 Dex-5}
rNeg   . . .     SustAt   +     c - +0 shield
rPois  .         Gourm    .     (helmet unavailable)
rElec  .         Spirit   .     (no cloak)
rCorr  .         Warding  .     v - +0 pair of gloves
rMut   .         Stasis   +     (no boots)
MR     +....                    q - amulet of regeneration
Stlth  ..........               o - +1 ring of evasion
                                g - ring of the Enemy {SustAt *Contam rF+++ Int-4 SInv}

@: drained, somewhat resistant to hostile enchantments, extremely unstealthy
A: permanent stasis, dig shafts and tunnels, four strong arms, antennae 3, agile
1, deformed body, screaming 1, no device heal 1, no stealth, inability to use
devices
a: Dig, Shaft Self, Draw Out Power, Power Leap, Renounce Religion


You were in an ice cave.
You worshipped Ru.
Ru was greatly pleased with you.
You were not hungry.

You visited 1 branch of the dungeon, and saw 12 of its levels.
You also visited: Sewer and Ice Cave.

You collected 467 gold pieces.

Inventory:

Hand Weapons
 a - a +0 war axe (weapon)
Armour
 c - a +0 shield (worn)
 r - the +2 chain mail "Kaqeuw" (worn) {Str+7 Int+7 Dex-5}
   (You found it on level 6 of the Dungeon)

   It affects your strength (+7).
   It affects your intelligence (+7).
   It affects your dexterity (-5).
 v - a +0 pair of gloves (worn)
Jewellery
 g - the ring of the Enemy (left hand) {SustAt *Contam rF+++ Int-4 SInv}
   (You found it on level 5 of the Dungeon)

   [ring of sustain attributes]

   It sustains your strength, intelligence and dexterity.
   It affects your intelligence (-4).
   It renders you almost immune to fire.
   It lets you see invisible.
   It causes magical contamination when unequipped.
 o - a +1 ring of evasion (right hand)
 q - an amulet of regeneration (around neck)
Scrolls
 f - a scroll of random uselessness {unknown}
 j - 3 scrolls of noise
 l - 2 scrolls of recharging {unknown}
 p - 3 scrolls of remove curse
 y - a scroll of fear
Potions
 d - 3 potions of might
 i - 4 potions of agility
 s - a potion of brilliance
 x - 2 potions of curing
 z - a potion of ambrosia
 A - 5 potions of flight
Comestibles
 b - a meat ration
 e - 3 bread rations


   Skills:
 + Level 7.6(7.5) Fighting
 * Level 9.4(9.3) Axes
 + Level 7.6(7.5) Armour
 + Level 3.2(3.1) Dodging
 + Level 8.9(8.8) Shields


You had 9 spell levels left.
You didn't know any spells.

Dungeon Overview and Level Annotations

Branches:
Dungeon (15/15)            Temple (0/1) D:4            Lair (0/8) D:8
 Depths (0/5) D:15
    Orc: D:9-12      Vaults: D:13-14

Altars:
Ashenzari
Gozag
Nemelex Xobeh
Ru
Sif Muna

Annotations:
D:7 Joseph IceCv exclusion: ice statue


Innate Abilities, Weirdness & Mutations

You are under a permanent stasis effect.
You can dig through walls and to a lower floor.
Your four strong arms can wield two-handed weapons with a shield.
You have a pair of large antennae on your head (SInv).
You occasionally shout uncontrollably at your foes.
You cannot be stealthy.
You cannot study or use magical devices.
You are agile. (Dex +2)
Armour fits poorly on your strangely shaped body.
Potions and wands are less effective at restoring your health.


Message History

The ice statue throws cold at you. The freezing blast engulfs you!
The ice beast barely misses you.
You hit the ice statue but do no damage.
The ice statue is moderately damaged.
You hit the ice beast.
The ice beast is moderately wounded.
You are engulfed in freezing vapours.
You block the ice beast's attack.
You hit the ice statue.
The ice statue is moderately damaged.
You slash the ice beast!
The ice beast is almost dead.
You are engulfed in freezing vapours.
The ice statue begins to attack, but is stunned by your will!
The ice beast hits you. The ice beast freezes you!
* * * LOW HITPOINT WARNING * * *
You are engulfed in freezing vapours.
* * * LOW HITPOINT WARNING * * *
You block the ice beast's attack.
You are engulfed in freezing vapours.
You die...

## # {{{ ##.#
.# ####§.#..#
{ {##..§8§.#
{ {##..§Y§# {
#..##Y§#
#..###@#
{#.####.##
#..#....#
##......##
#...###..##
##.#####..##
###.###...#
##.§.###..##
###
##..§§§###..#


You could see an ice statue and 2 ice beasts.

Vanquished Creatures
  Pikel (D:4)
  A hill giant (D:14)
  Sigmund (D:2)
  A yak (IceCv)
  A wyvern (D:11)
  Menkaure (D:7)
  2 wolves (IceCv)
  A sky beast (D:6)
  11 ice beasts
  The ghost of Proton the Shield-Bearer, an amateur FoFi (D:4)
  An ogre (D:5)
  2 centaurs
  A necrophage (D:6)
  A wyvern zombie (D:14)
  A water moccasin skeleton (D:7)
  A scorpion (D:6)
  3 wights (D:14)
  2 orc priests (D:5)
  2 crimson imps
  6 hounds
  2 orc wizards
  Ijyb (D:2)
  2 centaur skeletons
  A giant frog skeleton (D:5)
  5 worker ants
  2 iguanas
  A hound skeleton (D:6)
  Robin (D:2)
  5 adders
  3 shadow imps
  3 oozes (Sewer)
  8 worms
  An adder skeleton (D:5)
  4 giant geckos
  6 orcs
  14 bats
  4 giant cockroaches
  8 hobgoblins
  7 jackals
  3 ball pythons
  A giant gecko skeleton (D:6)
  6 giant newts
  18 goblins
  3 kobolds
  3 quokkas
  A rat (D:2)
154 creatures vanquished.

Vanquished Creatures (others)
  A polar bear (IceCv)
  2 yaks (IceCv)
  A hippogriff (D:11)
  2 wolves (IceCv)
  An orc wizard (D:5)
  A quokka (D:6)
  2 plants (D:8)
10 creatures vanquished.

Grand Total: 164 creatures vanquished

Notes
Turn   | Place    | Note
--------------------------------------------------------------
     0 | D:1      | Proton the Formicid Fighter began the quest for the Orb.
     0 | D:1      | Reached XP level 1. HP: 18/18 MP: 1/1
   258 | D:1      | Reached XP level 2. HP: 21/24 MP: 2/2
   904 | D:2      | Found a sacrificial altar of Ru.
   912 | D:2      | Became a worshipper of Ru the Awakened
   954 | D:2      | Noticed Sigmund
   957 | D:2      | You fall through a shaft!
   974 | D:3      | Reached skill level 4 in Shields
  1008 | D:3      | Reached XP level 3. HP: 29/29 MP: 3/3
  1466 | D:2      | Reached XP level 4. HP: 37/37 MP: 4/4
  1579 | D:2      | Killed Sigmund
  1579 | D:2      | Reached XP level 5. HP: 36/42 MP: 5/5
  1579 | D:2      | Reached XP level 6. HP: 41/48 MP: 6/6
  1811 | D:2      | Found a sparkling altar of Nemelex Xobeh.
  1818 | D:2      | Found a shattered altar of Ashenzari.
  1904 | D:2      | Gained mutation: You occasionally shout uncontrollably at your foes. [Ru sacrifice]
  1972 | D:2      | Noticed Robin
  1975 | D:2      | Noticed Ijyb
  2005 | D:2      | Killed Ijyb
  2005 | D:2      | Reached skill level 5 in Shields
  2024 | D:2      | Killed Robin
  2277 | D:4      | Found a staircase to the Ecumenical Temple.
  2312 | D:4      | Found a glowing drain.
  2333 | Sewer    | Entered a sewer
  2990 | D:4      | Reached XP level 7. HP: 52/55 MP: 7/7
  3007 | D:4      | Gained mutation: Your muscles are strong. (Str +2) [potion of mutation]
  3007 | D:4      | Gained mutation: Potions and wands are less effective at restoring your health. [potion of mutation]
  3007 | D:4      | Gained mutation: You are agile. (Dex +2) [potion of mutation]
  3117 | D:4      | Noticed Pikel
  3147 | D:4      | Killed Pikel
  3147 | D:4      | Reached skill level 5 in Fighting
  3147 | D:4      | Reached skill level 6 in Axes
  3147 | D:4      | Reached skill level 5 in Armour
  3147 | D:4      | Reached XP level 8. HP: 18/62 MP: 8/8
  3454 | D:4      | Noticed Proton's ghost (amateur FoFi)
  3470 | D:4      | Killed Proton's ghost
  3776 | D:4      | Found an opulent altar of Gozag.
  4076 | D:5      | Entered Level 5 of the Dungeon
  4130 | D:5      | Gained mutation: You cannot be stealthy. [Ru sacrifice]
  4130 | D:5      | Reached * piety under Ru
  4231 | D:5      | Found a deep blue altar of Sif Muna.
  4254 | D:5      | Identified Sif Muna's Compendium of Summoning
  4400 | D:5      | Got a shimmering lead ring
  4857 | D:6      | Got a tiger eye-studded chain mail
  4868 | D:6      | Identified the +2 chain mail "Kaqeuw" {Str+7 Int+7 Dex-5} (You found it on level 6 of the Dungeon)
  4869 | D:6      | Identified the ring of the Enemy {SustAt *Contam rF+++ Int-4 SInv} (You found it on level 5 of the Dungeon)
  4944 | D:6      | Reached XP level 9. HP: 69/69 MP: 9/9
  5004 | D:6      | Reached skill level 7 in Shields
  5455 | D:5      | Reached skill level 1 in Dodging
  5556 | D:6      | Gained mutation: Armour fits poorly on your strangely shaped body. [mutagenic meat]
  5558 | D:6      | Lost mutation: Your muscles are strong. (Str +2) [mutagenic meat]
  5802 | D:7      | Noticed Joseph
  6043 | D:7      | Noticed Menkaure
  6148 | D:7      | Killed Menkaure
  6399 | D:7      | HP: 1/71 [Joseph/sling bullet (14)]
  6400 | D:7      | You fall through a shaft!
  6400 | D:8      | Found a staircase to the Lair.
  6400 | D:8      | Noticed a komodo dragon
  6433 | D:8      | You fall through a shaft for 2 floors!
  6433 | D:10     | Entered Level 10 of the Dungeon
  6755 | D:10     | Noticed a hill giant
  7000 | D:11     | Reached skill level 8 in Axes
  7018 | D:11     | Gained mutation: You cannot study or use magical devices. [Ru sacrifice]
  7018 | D:11     | Reached ** piety under Ru
  7018 | D:11     | Reached *** piety under Ru
  7018 | D:11     | Reached **** piety under Ru
  7024 | D:11     | Noticed a seven-headed hydra
  7031 | D:11     | You fall through a shaft for 3 floors!
  7048 | D:14     | You fall through a shaft!
  7048 | D:15     | Entered Level 15 of the Dungeon
  7444 | D:14     | Reached XP level 10. HP: 77/77 MP: 10/10
  7464 | D:14     | Found a frozen archway.
  7496 | D:14     | Noticed a hill giant
  7510 | D:14     | Killed a hill giant
  7510 | D:14     | Reached skill level 9 in Axes
  7539 | IceCv    | Entered an ice cave
  8007 | IceCv    | Noticed an ice statue
  8040 | IceCv    | HP: 1/79 [ice statue] (15)]
  8041 | IceCv    | Engulfed by an ice statue's freezing vapour

Vault maps used:
D:1:      dpeg_arrival_pond
D:2:      nemelex_deck, nicolae_ru_awakened_eye, first_bread, ashenzari_altar_1,
          uniq_robin, uniq_iyjb, uniq_sigmund
D:4:      kennysheep_big_flooded_room, minmay_temple_entry_large_hall,
          portal_sewer_entry_d, nicolae_ossuary_entry_plus, minmay_liquid_box,
          solitary_fountain, grunt_gozag_statues, uniq_pikel
D:5:      led_sif_book, serial_bayou_lagoon_a
D:7:      gammafunk_temple_overflow_forgotten, uniq_menkaure, uniq_joseph,
          uniq_duvessa
D:8:      makhleb_grotto_becter, david_lair_shrubbed, uniq_erolcha
D:10:     hangedman_tell_no_tales, uniq_urug
D:11:     orc_0_dummy, minmay_misc_feat_iff
D:14:     serial_shops, nicolae_shop_stone, portal_ice_cave_entry_ice_beasts,
          minmay_door_square
D:15:     gammafunk_depths_entry_grave, uniq_sonja
Sewer:    sewer_fruit_machine
IceCv:    ice_cave_caverns_02

Action                   |  1- 3 |  4- 6 |  7- 9 | 10-12 || total
-------------------------+-------+-------+-------+-------++-------
Melee: War axe           |   108 |   212 |   282 |   101 ||   703
Invok: Sacrifice Purity  |       |     1 |       |       ||     1
       Sacrifice Stealth |       |       |     1 |       ||     1
       Draw Out Power    |       |       |     2 |     3 ||     5
       Sacrifice Artific |       |       |     1 |       ||     1
 Abil: Shaft Self        |     1 |       |     4 |       ||     5
       Dig               |       |       |       |     1 ||     1
Evoke: Wand              |       |       |     3 |       ||     3
  Use: Potion            |       |     1 |     3 |       ||     4
       Scroll            |       |       |    16 |       ||    16
 Stab: Invisible         |       |       |       |     1 ||     1
  Eat: Pizza             |     1 |       |     2 |       ||     3
       Beef jerky        |     1 |       |       |       ||     1
       Royal jelly       |       |     2 |       |       ||     2
       Meat ration       |       |       |     2 |     1 ||     3
       Chunk             |       |       |     3 |       ||     3
       Bread ration      |       |       |     1 |       ||     1
